 Dungeon Crawl Stone Soup version 0.27.0-1-g7a089689b8 (webtiles) character file.

Game seed: 13267301340907487919

18 HungrySpirit the Vexing (level 2, 0/21 HPs)
             Began as a Human Arcane Marksman on July 31, 2021.
             Was a Follower of Jiyva.
             Succumbed to an adder's poison
             ... on level 1 of the Dungeon.
             The game lasted 00:01:33 (1120 turns).

HungrySpirit the Vexing (Human Arcane Marksman)     Turns: 1120, Time: 00:01:33

Health: 0/21       AC:  2    Str: 10    XL:     2   Next: 90%
Magic:  3/3        EV: 12    Int: 13    God:    Jiyva [*.....]
Gold:   20         SH:  0    Dex: 13    Spells: 2/3 levels left

rFire    . . .     SeeInvis .   b - +0 hand axe
rCold    . . .     Faith    .   (no shield)
rNeg     . . .     Spirit   .   d - +0 robe
rPois    .         Reflect  .   (no helmet)
rElec    .         Harm     .   (no cloak)
rCorr    .         Rampage  .   (no gloves)
Will     .....                  (no boots)
Stlth    +.........             (no amulet)
HPRegen  0.07/turn              (no ring)
MPRegen  0.08/turn              (no ring)

@: lethally poisoned (0 -> -2), hasted, very quick
A: no striking features
a: Renounce Religion, Request Jelly


You were on level 1 of the Dungeon.
You worshipped Jiyva.
Jiyva was aware of your devotion.
You visited 1 branch of the dungeon, and saw 2 of its levels.

You collected 20 gold pieces.

Inventory:

Hand Weapons
 a - a +0 shortbow
 b - a +0 hand axe (weapon)
Missiles
 c - 3 arrows
Armour
 d - a +0 robe (worn)
Scrolls
 e - 3 scrolls of identify {unknown}
 g - a scroll of amnesia {unknown}


   Skills:
 + Level 1.4 Fighting
 * Level 1.5 Axes
 - Level 2.0 Bows
 + Level 0.9 Armour
 - Level 2.0 Dodging
 - Level 1.0 Spellcasting
 - Level 3.0 Hexes


You had 2 spell levels left.
You knew the following spells:

 Your Spells              Type           Power      Damage    Failure   Level
a - Corona                Hex            8%         N/A       9%          1

Your spell library contained the following spells:

 Spells                   Type           Power      Damage    Failure   Level
 Slow                     Hex            8%         N/A       12%         2
 Inner Flame              Hex/Fire       4%         N/A       41%         3
 Portal Projectile        Hex/Tloc       8%         N/A       41%         3
 Cause Fear               Hex            4%         N/A       63%         4


Dungeon Overview and Level Annotations

Branches:
Dungeon (2/15)

Altars:
Jiyva

Shops:
D:1 [


Message History

The adder bites you.
You are poisoned.
The adder poisons you!
You climb upwards.
You feel sick.
There is a stone staircase leading down here.
You hit the adder.
The adder is lightly wounded.
You feel sick. The adder bites you. The adder closely misses you.
You completely miss the adder.
The adder is lightly wounded.
You feel sick. The adder closely misses you.
You barely miss the adder.
The adder is lightly wounded.
You feel sick.
You are no longer poisoned.
The adder closely misses you. The adder misses you.
You hit the adder.
The adder is heavily wounded.
The adder bites you.
You are poisoned.
The adder poisons you!
You hit the adder.
The adder is heavily wounded.
You feel sick. The adder bites you.
* * * LOW HITPOINT WARNING * * *
The adder misses you.
Unknown command.
You closely miss the adder.
The adder is heavily wounded.
* * * LOW HITPOINT WARNING * * *
You feel sick. The adder bites you but does no damage.
Unknown command.
It was a potion of haste.
You feel yourself speed up.
* * * LOW HITPOINT WARNING * * *
You feel sick. The adder barely misses you. The adder misses you.
You closely miss the adder.
The adder is heavily wounded.
You barely miss the adder.
The adder is heavily wounded.
You die...

#.....# ##.###.# ######### ##..#
#.# ### #.......#
##...###.####.## ##.#####.#
#.....#......#.# #......#.#
##J^.##..####.##
#..###.#.#####..#...# #.#
###..###.....J..S...#.# #.#
...........#####@.....# #.#
###..#.###.# ##.###### #.# #
#..#.###.# ##...## #.# #
#........###.....## #.# #
#.##..##.##.......## ##.##
###........#.........####...####
........J............+....#....#
........####.........####...##.#
######...# ##.......## ##..##.##


You could see an adder and 2 neutral jellies (fellow slime).

Vanquished Creatures
  A giant cockroach (D:1)
  A hobgoblin (D:1)
  3 jackals (D:1)
  A quokka (D:1)
  A ball python (D:1)
  3 bats (D:1)
  3 frilled lizards
  2 goblins (D:1)
  3 kobolds (D:1)
  2 rats
20 creatures vanquished.

Vanquished Creatures (others)
  A ball python (D:1)
  2 hobgoblins (D:1)
  A kobold (D:1)
4 creatures vanquished.

Grand Total: 24 creatures vanquished

Notes
Turn   | Place    | Note
-------+----------+-------------------------------------------
     0 | D:1      | HungrySpirit the Human Arcane Marksman began the quest for
                  | the Orb.
     0 | D:1      | Reached XP level 1. HP: 15/15 MP: 2/2
   201 | D:1      | Found Ishes's Antique Armour Shop.
   233 | D:1      | Found a faded altar of an unknown god.
   242 | D:1      | Reached XP level 2. HP: 19/21 MP: 3/3
   283 | D:1      | Reached skill level 1 in Axes
   290 | D:1      | Became a worshipper of Jiyva Jujadgh the Shapeless
   290 | D:1      | Reached * piety under Jiyva
  1118 | D:1      | HP: 1/21 [poisoned by an adder]
  1120 | D:1      | Succumbed to an adder's poison

Illustrated notes

Levels and vault maps discovered:
D:1:      mrwooster_arrival_arrow, layout_loops_corners, serial_shops, shop,
          basic_ecumenical_altar
D:2:      layout_rooms, uniq_terence, uniq_natasha

Skill      XL: |  1  2 |
---------------+-------+-----
Axes           | 1 |  1.5
Fighting       | |  1.4
Bows           | |  2.0
Armour         | |  0.9
Dodging        | |  2.0
Spellcasting   | |  1.0
Hexes          | |  3.0

Action                   || total
-------------------------++-------
Melee: Hand axe          ||    16
 Fire: Shortbow          ||    40
  Use: Potion            ||     1
Armor: Robe              ||     6
Dodge: Dodged            ||    27
